 Dungeon Crawl Stone Soup version 0.25.0-11-g1f837a76a1 (webtiles) character file.

Game seed: 8461900270067487425

36513 nikku the Severer (level 13, -15/132 HPs)
             Began as a Minotaur Berserker on June 27, 2020.
             Was a High Priest of Trog.
             Demolished by a crocodile (16 damage)
             ... on level 5 of the Lair of Beasts.
             The game lasted 00:55:49 (18013 turns).

nikku the Severer (Minotaur Berserker)             Turns: 18013, Time: 00:55:50

Health: -15/132    AC: 16    Str: 27    XL:     13   Next: 53%
Magic:  12/12      EV: 12    Int:  4    God:    Trog [*****.]
Gold:   792        SH:  0    Dex: 16    Spells: 12/12 levels left

rFire    . . .     SeeInvis .   a - +3 broad axe (venom)
rCold    + . .     Gourm    .   (no shield)
rNeg     . . .     Faith    .   K - +5 ring mail of Instinct {rC+ Dex+6}
rPois    .         Spirit   .   (helmet restricted)
rElec    .         Reflect  .   (no cloak)
rCorr    .         Harm     .   G - +0 pair of gloves
MR       +++..                  H - +0 pair of boots
Stlth    +.........             (no amulet)
HPRegen  1.32/turn              N - ring of protection from magic
MPRegen  0.13/turn              d - +4 ring of protection

@: mighty, lethally poisoned (-15 -> -24), corroded, berserk cooldown,
regenerating (expiring), hasted and slowed
A: retaliatory headbutt, horns 2
a: Berserk, Trog's Hand, Brothers in Arms, Renounce Religion


You were on level 5 of the Lair of Beasts.
You worshipped Trog.
Trog was extremely pleased with you.
You were very hungry.

You visited 2 branches of the dungeon, and saw 17 of its levels.

You collected 792 gold pieces.

Inventory:

Hand Weapons
 a - a +3 broad axe of venom (weapon)
 b - a +2 scythe of flaming
 M - a +4 triple sword of freezing
Missiles
 h - 25 poisoned darts (quivered)
 t - 4 silver javelins
 y - 6 datura-tipped darts
 B - 3 atropa-tipped darts
 F - 13 javelins
Armour
 G - a +0 pair of gloves (worn)
 H - a +0 pair of boots (worn)
 K - the +5 ring mail of Instinct (worn) {rC+ Dex+6}
   (You found it on level 11 of the Dungeon)

   It affects your dexterity (+6).
   It protects you from cold.
Jewellery
 d - a +4 ring of protection (right hand)
 w - an uncursed ring of protection from fire
 J - an uncursed ring of positive energy
 N - a ring of protection from magic (left hand)
Wands
 i - a wand of polymorph (16)
 q - a wand of flame (50)
 u - a wand of disintegration (11)
 x - a wand of paralysis (6)
 C - a wand of enslavement (6)
 L - a wand of digging (6)
Scrolls
 k - 10 scrolls of remove curse
 m - 4 scrolls of fear
 r - 5 scrolls of teleportation
 s - 6 scrolls of identify
 v - a scroll of magic mapping
 A - a scroll of blinking
 D - a scroll of enchant weapon
 E - a scroll of silence
 I - 3 scrolls of fog
Potions
 e - 3 potions of mutation
 f - 6 potions of flight
 g - 4 potions of lignification
 j - a potion of heal wounds
 l - 4 potions of haste
 n - 4 potions of curing
 p - 2 potions of invisibility
Comestibles
 c - 27 rations
 o - 5 chunks of flesh


   Skills:
 * Level 17.0 Fighting
 * Level 17.0 Axes
 + Level 12.6 Armour
 - Level 2.1 Dodging


You had 12 spell levels left.
You didn't know any spells.
Your spell library was empty.

Dungeon Overview and Level Annotations

Branches:
Dungeon (12/15)            Temple (0/1) D:4            Lair (5/6) D:10
  Swamp (0/4) Lair:3       Spider (0/4) Lair:2          Orc (0/2) D:11
  Slime: Lair:5-6

Altars:
Ashenzari
Dithmenos
Gozag
Nemelex Xobeh
Sif Muna
Vehumet
Xom
Yredelemnul
The Shining One

Shops:
D:8 [

Annotations:
D:3 2 transporters
D:7 2 transporters, SamuraiZach's ghost, amateur TrHu
Lair:2 exclusion: 4 oklob plants


Innate Abilities, Weirdness & Mutations

You reflexively headbutt those who attack you in melee.
You have a pair of horns on your head.


Message History

* * * LOW HITPOINT WARNING * * *
The hippogriff barely misses you.
An elephant comes into view.
The entropy weaver hits you but does no damage.
The entropy weaver hits you!
* * * LOW HITPOINT WARNING * * *
The entropy weaver hits you.
* * * LOW HITPOINT WARNING * * *
The entropy weaver hits you.
* * * LOW HITPOINT WARNING * * *
You slash the crocodile!
The crocodile is poisoned.
You headbutt the crocodile!
The crocodile is almost dead.
You hit the entropy weaver.
The entropy weaver is poisoned.
You slash the soldier ant!
You kill the soldier ant!
Trog accepts your kill.
You slash the hippogriff!
* * * LOW HITPOINT WARNING * * *
You feel sick. The crocodile bites you!
You die...

####...... ..........
........## . .........#.
## .......>..### ###.#.#
........###.# ##†aa†.#
.......<.P..#####aa#'†'#
.........Y.J.rlt@a##aaa#
..........†..YFH###


a#aa# ##.####.#....#Y## ###... ##..# ########## ...? #### ^.# .. You could see
an entropy weaver (very poisoned), 3 elephants, a hippogriff, a blink frog, 2
soldier ants, a crocodile (very poisoned), a wyvern, a porcupine, 2 worker ants
and an ooze.

Vanquished Creatures
  Rupert (Lair:3)
  A queen ant (Lair:5)
  5 two-headed ogres
  Erica (D:11)
  7 death yaks (Lair:4)
  An unseen horror (D:10)
  A cyclops (D:9)
  4 elephants (Lair:3)
  Psyche (D:10)
  8 spiny frogs
  3 komodo dragons
  A queen bee (D:9)
  A troll (D:10)
  A hornet (D:9)
  11 blink frogs
  6 hippogriffs
  Sigmund (D:4)
  2 redbacks (Lair:2)
  2 basilisks
  37 yaks
  2 wyverns
  A hungry ghost (D:11)
  6 soldier ants (Lair:5)
  2 swamp worms (Lair:3)
  8 water moccasins
  8 porcupines
  5 ice beasts
  2 sky beasts
  2 orc warriors
  2 phantoms
  A necrophage (D:9)
  5 ogres
  9 wolves
  5 centaurs
  7 crocodiles
  15 bullfrogs
  A big kobold (D:10)
  2 scorpions
  A wyvern skeleton (D:10)
  28 killer bees
  3 wights (D:7)
  2 electric eels (Lair:4)
  4 howler monkeys
  7 crimson imps
  2 jellies (D:9)
  6 hounds
  A gnoll shaman (D:9)
  2 quasits
  3 orc priests
  3 orc wizards (D:8)
  A centaur skeleton (D:4)
  3 iguanas
  16 worker ants
  4 hell rats (Lair:3)
  A hound zombie (D:10)
  A hound skeleton (D:11)
  2 howler monkey skeletons
  12 adders
  A gnoll (D:8)
  2 shadow imps
  An ooze (D:1)
  4 adder skeletons
  An adder zombie (D:5)
  4 worms
  6 leopard geckos
  32 orcs
  2 ball pythons
  11 bats
  5 giant cockroaches
  2 gnoll zombies (D:4)
  14 goblins
  6 hobgoblins
  5 jackals
  9 kobolds
  2 quokkas
  3 frilled lizards
  A jackal skeleton (D:4)
  10 rats
  3 fungi
  6 plants
410 creatures vanquished.

Vanquished Creatures (others)
  A bush (Lair:4)
  2 fungi (Lair:4)
  9 plants
12 creatures vanquished.

Grand Total: 422 creatures vanquished

Notes
Turn   | Place    | Note
-------+----------+-------------------------------------------
     0 | D:1      | nikku the Minotaur Berserker began the quest for the Orb.
     0 | D:1      | Reached XP level 1. HP: 19/19 MP: 0/0
   121 | D:1      | Reached XP level 2. HP: 27/27 MP: 1/1
   682 | D:1      | Reached XP level 3. HP: 30/33 MP: 2/2
  1308 | D:2      | Reached ** piety under Trog
  1442 | D:2      | Noticed a phantom
  1479 | D:2      | Killed a phantom
  1479 | D:2      | Reached skill level 5 in Fighting
  1479 | D:2      | Reached skill level 5 in Axes
  1479 | D:2      | Reached XP level 4. HP: 34/42 MP: 3/3
  1479 | D:2      | Reached XP level 5. HP: 39/48 MP: 4/4
  2251 | D:3      | Found a transporter.
  2315 | D:3      | Found a transporter.
  2459 | D:3      | Found a sparkling altar of Nemelex Xobeh.
  2503 | D:3      | Found a glowing golden altar of the Shining One.
  2788 | D:3      | Found a shadowy altar of Dithmenos.
  3253 | D:4      | Reached XP level 6. HP: 50/57 MP: 5/5
  3557 | D:4      | Found a staircase to the Ecumenical Temple.
  3664 | D:4      | Noticed Sigmund
  3674 | D:4      | Killed Sigmund
  3778 | D:4      | Found a basalt altar of Yredelemnul.
  3860 | D:5      | Entered Level 5 of the Dungeon
  3924 | D:5      | Reached XP level 7. HP: 42/64 MP: 6/6
  4306 | D:5      | Reached skill level 5 in Armour
  4703 | D:6      | Found a radiant altar of Vehumet.
  4944 | D:6      | Reached XP level 8. HP: 74/74 MP: 7/7
  5158 | D:6      | Found a shimmering blue altar of Sif Muna.
  5351 | D:7      | Found an opulent altar of Gozag.
  5784 | D:7      | Noticed SamuraiZach's ghost (amateur TrHu)
  5793 | D:7      | Found a transporter.
  5795 | D:7      | Found a transporter.
  5795 | D:7      | Noticed a queen bee
  5810 | D:7      | Reached *** piety under Trog
  6071 | D:7      | Found a shimmering altar of Xom.
  6312 | D:8      | Noticed a hippogriff
  6334 | D:7      | Killed a hippogriff
  6526 | D:8      | Reached XP level 9. HP: 81/84 MP: 8/8
  6932 | D:8      | Found Xeakomaj's Antique Armour Shoppe.
  6959 | D:8      | Found a shattered altar of Ashenzari.
  7050 | D:8      | Reached skill level 10 in Fighting
  7050 | D:8      | Reached skill level 10 in Axes
  7762 | D:9      | Noticed a two-headed ogre
  7778 | D:9      | Killed a two-headed ogre
  7928 | D:9      | Reached XP level 10. HP: 96/96 MP: 9/9
  8246 | D:9      | Noticed a two-headed ogre
  8254 | D:9      | Killed a two-headed ogre
  8277 | D:9      | Noticed a cyclops
  8299 | D:9      | Killed a cyclops
  9403 | D:10     | Entered Level 10 of the Dungeon
  9407 | D:10     | Noticed a two-headed ogre
  9417 | D:10     | Killed a two-headed ogre
 10355 | D:10     | Killed an unseen horror
 10355 | D:10     | Reached XP level 11. HP: 52/107 MP: 10/10
 10555 | D:10     | Noticed a two-headed ogre
 10570 | D:10     | Killed a two-headed ogre
 11175 | D:10     | Noticed a two-headed ogre
 11187 | D:10     | Noticed Psyche
 11198 | D:10     | Killed a two-headed ogre
 11203 | D:10     | Killed Psyche
 11208 | D:10     | Reached **** piety under Trog
 11340 | D:10     | Reached skill level 10 in Armour
 11413 | D:10     | Found a staircase to the Lair.
 12133 | D:11     | Found a staircase to the Orcish Mines.
 12288 | D:11     | Got a pitted ring mail
 12289 | D:11     | Identified the +5 ring mail of Instinct {rC+ Dex+6} (You
                  | found it on level 11 of the Dungeon)
 12364 | D:11     | Noticed Erica
 12378 | D:11     | Killed Erica
 12487 | D:11     | You fall into a shaft and drop 1 floor!
 12622 | D:12     | Found a shimmering blue altar of Sif Muna.
 13102 | Lair:1   | Entered Level 1 of the Lair of Beasts
 13228 | Lair:1   | Reached XP level 12. HP: 118/118 MP: 11/11
 13247 | Lair:1   | You fall into a shaft and drop 1 floor!
 14160 | Lair:2   | Reached skill level 15 in Axes
 14334 | Lair:2   | Reached skill level 15 in Fighting
 14986 | Lair:2   | Found a hole to the Spider Nest.
 15669 | Lair:3   | Found a staircase to the Swamp.
 16012 | Lair:3   | Noticed Rupert
 16025 | Lair:3   | Killed Rupert
 16556 | Lair:4   | Reached XP level 13. HP: 92/128 MP: 12/12
 17987 | Lair:5   | Reached ***** piety under Trog
 17993 | Lair:5   | Noticed an entropy weaver
 18012 | Lair:5   | HP: 6/132 [entropy weaver (4)]
 18012 | Lair:5   | HP: 2/132 [entropy weaver (4)]
 18013 | Lair:5   | Demolished by a crocodile

Illustrated notes

Levels and vault maps discovered:
D:1:      dpeg_arrival_subterranean_lakeside_camping, layout_loops_ring,
          roderic_lattice_a
D:2:      layout_loops_corners
D:3:      gammafunk_wand_slinger, layout_basic, lemuel_doored_altar,
          overflow_temple_1_default, first_ration, nicolae_tso_carved_into_rock
D:4:      minmay_angry_zag, layout_cave_pools, lemuel_zombie_altar_yredelemnul,
          minmay_temple_entry_gardened_gates, uniq_sigmund
D:5:      layout_rooms, glass_columns_a
D:6:      layout_cave_pools, old_standard_altar, lemuel_blue_sif_altar
D:7:      layout_gridville, kennysheep_little_box, marbit_many_paths,
          gammafunk_ghost_hive
D:8:      layout_basic, lemuel_round_altar, serial_shops, shop
D:9:      minmay_the_grid_3x3 [minmay_the_grid_box_x,
          minmay_the_grid_zigzag_pyramid, minmay_the_grid_slots,
          minmay_the_grid_odd_star, minmay_the_grid_broken_lines,
          minmay_the_grid_fan, minmay_the_grid_spikes, minmay_the_grid_empty,
          minmay_the_grid_prize_inner_circle], layout_grid_maze, david_nohive_1
D:10:     layout_cave_pools, lair_entry_dummy, uniq_psyche
D:11:     layout_gridville, orc_0_dummy, uniq_erica
D:12:     layout_small_grid, basic_altar, nrook_guardian_serpent_ordinary
Lair:1:   layout_long_grid
Lair:2:   layout_gridlike, spider_nest_entry_webs, beast_lair_carwin_10,
          minmay_lair_oklob_chamber, lemuel_fruit_tree, serial_bayou_shore_b
Lair:3:   layout_long_grid, minmay_swamp_entry_worms, grunt_megastairs_1,
          uniq_rupert
Lair:4:   wad_woods_pond, layout_big_grid, beast_lair_carwin_1,
          serial_bayou_shore_b
Lair:5:   layout_long_grid, nicolae_slime_entry_slimehenge, zaba_antful_of_joy,
          uniq_urug

Skill      XL: |  1  2  3  4  5  6  7  8  9 10 11 12 13 |
---------------+----------------------------------------+-----
Fighting       | 4 5 6 7 9 11 13 14 16 17 | 17.0
Axes           | 4 5 6 7 9 11 13 14 16 17 | 17.0
Armour         | 3 4 5 6 8 9 10 12 | 12.6
Dodging        | |  2.1

Action                   |  1- 3 |  4- 6 |  7- 9 | 10-12 | 13-15 || total
-------------------------+-------+-------+-------+-------+-------++-------
Melee: Hand axe          |    81 |   124 |    76 |       |       ||   281
       Headbutt          |    11 |    21 |    35 |   130 |    30 ||   227
       War axe           |       |       |   164 |   165 |       ||   329
       Broad axe         |       |       |       |   381 |    94 ||   475
Throw: Dart              |       |     6 |    30 |    18 |       ||    54
Invok: Trog's Hand       |     1 |     3 |    10 |    17 |     5 ||    36
       Berserk           |     1 |     3 |     6 |    15 |     2 ||    27
  Use: Scroll            |     4 |     6 |     9 |    16 |     1 ||    36
       Potion            |       |       |       |     2 |     6 ||     8
 Stab: Sleeping          |     2 |       |       |       |       ||     2
  Eat: Chunk             |     2 |    13 |    14 |    30 |     7 ||    66
       Ration            |       |       |     2 |     6 |       ||     8
Armor: Animal skin       |     8 |       |       |       |       ||     8
       Ring mail         |    19 |    38 |       |    94 |    46 ||   197
       Chain mail        |       |       |   119 |   258 |       ||   377
Dodge: Dodged            |    59 |    40 |   102 |   254 |    56 ||   511
